 Dungeon Crawl Stone Soup version 0.22-a0-570-g58866f5 (webtiles) character file.

3637 Hebeh the Cleaver (level 9, 0/79 HPs)
             Began as a Minotaur Fighter on June 30, 2018.
             Was a Follower of Trog.
             Succumbed to a queen ant's poison
             ... on level 8 of the Dungeon.
             The game lasted 00:30:28 (7805 turns).

Hebeh the Cleaver (Minotaur Fighter)                Turns: 7805, Time: 00:30:29

Health: 0/79       AC: 14    Str: 24    XL:     9   Next: 87%
Magic:  8/8        EV:  6    Int:  5    God:    Trog [*.....]
Gold:   149        SH: 18    Dex: 10    Spells: 8/8 levels left

rFire    + . .     SeeInvis .   a - +3 trident (pierce)
rCold    . . .     Gourm    .   r - +2 large shield
rNeg     . . .     Faith    .   u - +0 scale mail
rPois    .         Spirit   .   (helmet restricted)
rElec    .         Reflect  .   (no cloak)
rCorr    .         Harm     .   (no gloves)
MR       .....                  v - +1 pair of boots
Stlth    ..........             (no amulet)
HPRegen  0.23/turn              j - +4 ring of protection
MPRegen  0.11/turn              k - ring of protection from fire

@: lethally poisoned (0 -> -20)
A: retaliatory headbutt, horns 2
a: Berserk, Renounce Religion


You were on level 8 of the Dungeon.
You worshipped Trog.
Trog was aware of your devotion.
You were very hungry.

You visited 2 branches of the dungeon, and saw 9 of its levels.

You collected 313 gold pieces.
You spent 164 gold pieces at shops.

Inventory:

Hand Weapons
 a - a +3 trident of piercing (weapon)
 b - a +1 hunting sling of flaming
 A - a +0 war axe
 D - a cursed -1 falchion
Missiles
 p - 114 sling bullets
Armour
 r - a +2 large shield (worn)
 u - a +0 scale mail (worn)
 v - a +1 pair of boots (worn)
Jewellery
 h - an uncursed ring of ice
 j - a +4 ring of protection (left hand)
 k - a ring of protection from fire (right hand)
 E - a cursed amulet of inaccuracy {unknown}
Wands
 F - a wand of scattershot (5)
 G - a wand of polymorph (2)
Scrolls
 l - 4 scrolls of teleportation
 n - 3 scrolls of identify
 y - 7 scrolls of remove curse
 C - a scroll of vulnerability {unknown}
Potions
 d - a potion of might
 e - 2 potions of ambrosia
 g - 2 potions of degeneration {unknown}
 i - 2 potions of mutation {unknown}
 m - 6 potions of curing {unknown}
 o - 2 potions of agility {unknown}
 q - a potion of cancellation {unknown}
 s - a potion of brilliance {unknown}
 t - a potion of invisibility
 w - a potion of heal wounds
 x - a potion of haste {unknown}
 z - 3 potions of flight {unknown}
 B - 2 potions of lignification {unknown}
Comestibles
 f - 10 rations


   Skills:
 + Level 7.6 Fighting
 - Level 2.7 Long Blades
 - Level 8.6(9.3) Axes
 * Level 5.4(7.7) Polearms
 + Level 3.9(4.3) Slings
 - Level 2.1(3.2) Throwing
 + Level 7.6 Armour
 + Level 7.7 Shields
 - Level 2.5 Unarmed Combat
 + Level 1.2 Evocations


You had 8 spell levels left.
You didn't know any spells.
Your spell library contained the following spells:

 Spells                   Type           Power        Failure   Level  Hunger
 Throw Frost              Conj/Ice       #.....       100%        2    ###....
 Freeze                   Ice            #...         100%        1    ##.....
 Summon Ice Beast         Ice/Summ       #.......     100%        4    #####..
 Ozocubu's Armour         Chrm/Ice       #.......     100%        3    ####...
 Throw Icicle             Conj/Ice       #.......     100%        4    #####..


Dungeon Overview and Level Annotations

Branches:
Dungeon (8/15)             Temple (1/1) D:5            Lair (0/6) D:8

Altars:
Ashenzari
Cheibriados
Dithmenos
Elyvilon
Fedhas
Gozag
Hepliaklqana
Kikubaaqudgha
Makhleb
Nemelex Xobeh
Okawaru
Qazlal
Ru
Sif Muna
Trog
Uskayaw
Vehumet
Wu Jian
Xom
Yredelemnul
Zin
The Shining One

Shops:
D:5 %!(*


Innate Abilities, Weirdness & Mutations

You reflexively headbutt those who attack you in melee.
You have a pair of horns on your head.


Message History

You feel sick. The queen ant stings you!
You hit the queen ant but do no damage.
The queen ant is moderately wounded.
You feel very sick. The queen ant stings you!
* * * LOW HITPOINT WARNING * * *
You barely miss the queen ant.
The queen ant is moderately wounded.
* * * LOW HITPOINT WARNING * * *
You feel very sick. The queen ant stings you!
* * * LOW HITPOINT WARNING * * *
You barely miss the queen ant.
You headbutt the queen ant, but do no damage.
The queen ant is moderately wounded.
* * * LOW HITPOINT WARNING * * *
You feel sick. You block the queen ant's attack.
You hit the queen ant but do no damage. You headbutt the queen ant!
The queen ant is heavily wounded.
You die... ##### ##### ##...# ####### #...#######..(.[ .(...# #..#...≈...#..## #...# #....#...#....## #..## #...##P.P##....# #aaa# #.#......P..#... a.a.a.#aa####.#≈..P>.P.≈#.## .aaaa #aaaa@..#..P.PP...#.## aa.a #..####....##.PP##...## .aa

##.# #.....#...#....##
#a #.#
#...#...≈...#..## #
..####....#######...##
...........# ##.###
...########.#######.###
### #............
#############


You could see a queen ant, 4 soldier ants and 2 worker ants.

Vanquished Creatures
  Joseph (D:7)
  2 hippogriffs (D:7)
  Sigmund (D:2)
  Edmund (D:4)
  5 soldier ants (D:8)
  A sky beast (D:6)
  An ice beast (D:7)
  3 ogres
  A phantom (D:7)
  A centaur (D:6)
  A big kobold (D:8)
  3 scorpions
  4 jellies (D:5)
  5 crimson imps
  5 hounds
  6 orc priests
  5 orc wizards
  Natasha (thrice) (D:2)
  3 iguanas
  8 worker ants
  A worker ant zombie (D:5)
  4 gnolls (D:6)
  7 adders
  An ooze (D:1)
  2 worms
  2 dart slugs (D:2)
  3 leopard geckos
  27 orcs
  5 giant cockroaches
  7 goblins
  2 hobgoblins (D:2)
  11 jackals
  6 kobolds
  5 quokkas
  5 bats
  9 frilled lizards
  A leopard gecko skeleton (D:4)
  4 rats (D:2)
162 creatures vanquished.

Notes
Turn   | Place    | Note
-------+----------+-------------------------------------------
     0 | D:1      | Hebeh the Minotaur Fighter began the quest for the Orb.
     0 | D:1      | Reached XP level 1. HP: 19/19 MP: 0/0
   122 | D:1      | Reached XP level 2. HP: 27/27 MP: 1/1
   808 | D:2      | Reached skill level 3 in Axes
   873 | D:2      | Reached XP level 3. HP: 21/33 MP: 2/2
  1157 | D:2      | Found a burning altar of Makhleb.
  1158 | D:2      | Noticed an Executioner
  1406 | D:2      | Noticed Natasha
  1410 | D:2      | Killed Natasha
  1410 | D:2      | Reached XP level 4. HP: 27/40 MP: 3/3
  1527 | D:2      | Noticed Sigmund
  1531 | D:2      | Killed Sigmund
  1531 | D:2      | Reached skill level 5 in Axes
  1531 | D:2      | Reached XP level 5. HP: 45/47 MP: 4/4
  1582 | D:2      | Noticed Natasha
  1585 | D:2      | Killed Natasha
  1621 | D:2      | Noticed Natasha
  1628 | D:2      | Killed Natasha
  1628 | D:2      | Reached XP level 6. HP: 52/55 MP: 5/5
  1925 | D:2      | Reached skill level 5 in Fighting
  1925 | D:2      | Reached skill level 5 in Armour
  1925 | D:2      | Reached skill level 5 in Shields
  2203 | D:3      | Found a glowing silver altar of Zin.
  2203 | D:3      | Found a shadowy altar of Dithmenos.
  2207 | D:3      | Found a burning altar of Makhleb.
  2207 | D:3      | Found a white marble altar of Elyvilon.
  2783 | D:3      | Reached XP level 7. HP: 16/61 MP: 6/6
  3046 | D:4      | Reached skill level 1 in Unarmed Combat
  3072 | D:4      | Reached skill level 1 in Long Blades
  3072 | D:4      | Reached skill level 6 in Axes
  3487 | D:4      | Noticed Edmund
  3496 | D:4      | Reached skill level 1 in Throwing
  3518 | D:4      | Killed Edmund
  3878 | D:4      | Found an ancient bone altar of Kikubaaqudgha.
  3948 | D:4      | Found a stormy altar of Qazlal.
  3949 | D:4      | Found a blossoming altar of Fedhas.
  3952 | D:4      | Found a radiant altar of Vehumet.
  4021 | D:5      | Entered Level 5 of the Dungeon
  4021 | D:5      | Found a shimmering altar of Xom.
  4145 | D:5      | Found a staircase to the Ecumenical Temple.
  4383 | Temple   | Entered the Ecumenical Temple
  4641 | D:5      | Reached XP level 8. HP: 40/70 MP: 7/7
  4799 | D:5      | Found Zoth's Weapon Emporium.
  4860 | D:5      | Reached skill level 7 in Axes
  5128 | D:5      | Found Olufeb's General Store.
  5133 | D:5      | Bought a scroll of identify for 24 gold pieces
  5208 | D:5      | Found Roys's Distillery.
  5213 | D:5      | Bought a potion of heal wounds for 70 gold pieces
  5213 | D:5      | Bought a potion of heal wounds for 70 gold pieces
  5216 | D:5      | Found Soxtomem's Food Boutique.
  5410 | D:5      | Found a bloodstained altar of Trog.
  5410 | D:5      | Found a sacrificial altar of Ru.
  5414 | D:5      | Became a worshipper of Trog the Wrathful
  5585 | D:6      | Reached skill level 1 in Slings
  5938 | D:6      | Reached skill level 8 in Axes
  6126 | D:7      | Reached skill level 1 in Polearms
  6127 | D:7      | Noticed a hippogriff
  6137 | D:7      | Killed a hippogriff
  6139 | D:7      | Reached XP level 9. HP: 66/78 MP: 8/8
  6480 | D:7      | Noticed Joseph
  6556 | D:7      | Killed Joseph
  7435 | D:8      | Found a staircase to the Lair.
  7508 | D:8      | Reached * piety under Trog
  7521 | D:8      | Reached skill level 5 in Polearms
  7532 | D:8      | Reached skill level 1 in Evocations
  7776 | D:8      | Noticed a queen ant
  7804 | D:8      | HP: 2/79 [poisoned by a queen ant]
  7805 | D:8      | Succumbed to a queen ant's poison

Vault maps used:
D:1:      minmay_arrival_doors
D:2:      grunt_ministairs_2, makhleb_altar_promises_db, uniq_natasha,
          uniq_sigmund
D:3:      grunt_temple_overflow_open
D:4:      minitemple, first_ration, uniq_edmund
D:5:      gammafunk_temple_overflow_wave, temple_doors_e, basic_altar,
          serial_shops, kennysheep_mini, kennysheep_little_box,
          nicolae_shop_trees, shop, minmay_tree_intersection
D:7:      uniq_joseph
D:8:      dpeg_oklobed_lair, minivault_29
Temple:   minmay_temple_bridge_abc

Skill      XL: |  1  2  3  4  5  6  7  8  9 |
---------------+----------------------------+-----
Axes           | 3 5 6 8 |  8.6
Fighting       | 4 5 6 7 |  7.6
Armour         | 4 5 6 7 |  7.6
Shields        | 4 5 6 7 |  7.7
Unarmed Combat | 2 |  2.5
Long Blades    | 2 |  2.7
Throwing       | 1 2 |  2.1
Slings         | 2 3 |  3.9
Polearms       | 1 5 |  5.4
Evocations     | 1 |  1.2

Action                   |  1- 3 |  4- 6 |  7- 9 || total
-------------------------+-------+-------+-------++-------
Melee: War axe           |    66 |    51 |       ||   117
       Headbutt          |    11 |    19 |    89 ||   119
       Falchion          |       |    50 |   210 ||   260
       Trident           |       |       |   230 ||   230
       Unarmed           |       |       |     6 ||     6
 Fire: Hunting sling     |       |       |     3 ||     3
  Use: Scroll            |       |     5 |    11 ||    16
       Potion            |       |       |     2 ||     2
  Eat: Chunk             |     2 |     3 |    10 ||    15
       Ration            |       |     1 |     1 ||     2
Armor: Scale mail        |    24 |    55 |   149 ||   228
       Skin              |       |       |     2 ||     2
Dodge: Dodged            |    13 |    30 |    84 ||   127
Block: Shield            |    36 |    69 |    10 ||   115
       Large shield      |       |       |   372 ||   372
       Rpst.: Falchion   |       |     4 |    13 ||    17

Table legend:
 A = Spawn XP
 B = Non-spawn XP
 C = Spawn XP percentage of total XP
 D = Spawn monster count
 E = Non-spawn monster count
 F = Spawn count percentage of total count
 G = Total turns spent on level
                    A         B        C        D         E        F      G
               +---------+---------+-------+---------+---------+-------+---------
         Total |       0 |    5197 |   0.0 |       0 |     162 |   0.0 |  7805
               +---------+---------+-------+---------+---------+-------+---------
           D:1 |       0 |      18 |   0.0 |       0 |       7 |   0.0 |   782
           D:2 |       0 |     573 |   0.0 |       0 |      34 |   0.0 |  1230
           D:3 |       0 |     151 |   0.0 |       0 |      33 |   0.0 |  1019
           D:4 |       0 |     408 |   0.0 |       0 |      20 |   0.0 |  1036
           D:5 |       0 |     651 |   0.0 |       0 |      23 |   0.0 |  1180
           D:6 |       0 |     615 |   0.0 |       0 |      14 |   0.0 |   668
           D:7 |       0 |    1731 |   0.0 |       0 |      18 |   0.0 |  1205
           D:8 |       0 |    1050 |   0.0 |       0 |      13 |   0.0 |   484
               +---------+---------+-------+---------+---------+-------+---------
